 Dungeon Crawl Stone Soup version 0.27-a0-1359-ga2a4dfd6fd (webtiles) character file.

Game seed: 5498813412293356663

538 bande the Covered (level 7, 0/43 HPs)
             Began as a Gargoyle Fighter on June 28, 2021.
             Was an Initiate of Okawaru.
             Killed by nerve-wracking pain
             ... invoked by a shadow imp
             ... summoned by Eustachio
              (7 damage)
             ... on level 5 of the Dungeon.
             The game lasted 00:07:24 (6417 turns).

bande the Covered (Gargoyle Fighter)                Turns: 6417, Time: 00:07:25

Health: 0/43       AC: 17    Str: 19 (20) XL:     7   Next: 26%
Magic:  7/7        EV:  4    Int:  9      God:    Okawaru [......]
Gold:   181        SH:  9    Dex:  9 (10) Spells: 6/6 levels left

rFire    . . .     SeeInvis .   a - +1 war axe
rCold    . . .     Faith    .   c - +0 kite shield
rNeg     + . .     Spirit   .   f - +0 plate armour
rPois    ∞         Reflect  .   (no helmet)
rElec    +         Harm     .   (no cloak)
rCorr    .         Rampage  .   (no gloves)
Will     .....                  (no boots)
Stlth    ..........             (no amulet)
HPRegen  0.14/turn              (no ring)
MPRegen  0.10/turn              (no ring)

@: no status effects
A: sickness immunity, AC +4, negative energy resistance 1, electricity
resistance, torment resistance 1, petrification resistance
a: Renounce Religion


You were on level 5 of the Dungeon.
You worshipped Okawaru.
Okawaru was noncommittal.
You visited 2 branches of the dungeon, and saw 6 of its levels.

You collected 181 gold pieces.

Inventory:

Hand Weapons
 a - a +1 war axe (weapon)
 g - a +0 flail
Armour
 c - a +0 kite shield (worn)
 f - a +0 plate armour (worn)
Wands
 j - a wand of digging (5)
Scrolls
 e - a scroll of teleportation
 i - a scroll of identify
Potions
 b - 2 potions of heal wounds
 d - a potion of might
 h - 2 potions of curing


   Skills:
 + Level 4.2 Fighting
 + Level 4.8 Axes
 + Level 5.0 Armour
 + Level 0.9 Dodging
 + Level 4.8 Shields


You had 6 spell levels left.
You didn't know any spells.
Your spell library contained the following spells:

 Spells                   Type           Power      Damage    Failure   Level
 Magic Dart               Conj           0%         1d3       100%        1
 Blink                    Tloc           N/A        N/A       100%        2
 Call Imp                 Summ           0%         N/A       100%        2
 Slow                     Hex            0%         N/A       100%        2
 Confusing Touch          Hex            0%         N/A       100%        3
 Conjure Flame            Conj/Fire      0%         6-21      100%        3
 Gell's Gravitas          Tloc           0%         N/A       100%        3
 Mephitic Cloud           Conj/Pois/Air  0%         N/A       100%        3
 Petrify                  Tmut/Erth      0%         N/A       100%        4
 Metabolic Englaciation   Hex/Ice        0%         N/A       100%        5
 Yara's Violent Unravell  Hex/Tmut       0%         3d3       100%        5


Dungeon Overview and Level Annotations

Branches:
Dungeon (5/15)             Temple (1/1) D:5

Altars:
Ashenzari
Dithmenos
Elyvilon
Fedhas
Gozag
Hepliaklqana
Kikubaaqudgha
Makhleb
Nemelex Xobeh
Okawaru
Ru
Sif Muna
Vehumet
Wu Jian
Xom
Yredelemnul
Zin

Annotations:
D:5 Eustachio


Innate Abilities, Weirdness & Mutations

You are immune to sickness and miasma.
Your stone body is resilient. (AC +4)
You are immune to poison.
You resist negative energy. (rN+)
You are resistant to electric shocks. (rElec)
You are resistant to unholy torment.
You are immune to petrification.


Message History

The quokka is severely wounded.
The quokka bites you but does no damage.
Eustachio asks, "How can you live without manners, virtues and honour?"
Eustachio casts a spell.
Eustachio blinks!
The quokka bites you.
Unknown command.
You hit the quokka.
You kill the quokka!
The quokka's corpse disappears in a puff of smoke!
You closely miss Eustachio.
Eustachio zaps a wand.
The puff of flame hits you but does no damage.
The rat bites you but does no damage. Eustachio hits you but does no damage.
You closely miss the rat. You hit Eustachio.
The rat bites you but does no damage.
Eustachio says, "Summoning is fun!"
Eustachio hits you but does no damage.
Your shield and plate armour prevent you from hitting the rat.
You slash Eustachio! You block the rat's attack.
Eustachio says, "Summoning is fun!"
Eustachio casts a spell.
The rat bites you but does no damage.
Eustachio gestures wildly while chanting.
Unknown command.
You hit Eustachio but do no damage.
Eustachio is lightly wounded.
You hit the shadow imp but do no damage.
You closely miss the rat. You hit the shadow imp.
The rat bites you but does no damage. You block the shadow imp's attack.
The shadow imp gestures at you. Pain shoots through your body!
Eustachio hits you with a +0 rapier!
* * * LOW HITPOINT WARNING * * *
You closely miss Eustachio.
Eustachio is lightly wounded.
You slash the shadow imp! You closely miss the rat.
You completely miss the shadow imp. You block the shadow imp's attack.
The rat bites you but does no damage. Eustachio hits you with a +0 rapier.
* * * LOW HITPOINT WARNING * * *
The shadow imp gestures at you. Pain shoots through your body!
You die...

.........#
##.##
##......#
#..#
#.....###
#..#
......#
#..#
......##
#..#
.>.....#
##5#
.......#
#r##
.......#
#@5#
.......#
#5@#
.......#
##r#
#.....##
#.#
#....##
#.# ##.###
#.# ###
#.# .#. .
. ## .. ##


You could see Eustachio, a river rat (summoned), 2 shadow imps, an ufetubus
(summoned) and a rat (summoned).

Vanquished Creatures
  An ogre (D:4)
  A phantom (D:4)
  A bullfrog (D:4)
  A scorpion (D:4)
  A water moccasin skeleton (D:5)
  A centaur skeleton (D:4)
  An orc wizard (D:3)
  2 gnolls (D:5)
  5 adders
  A dart slug (D:1)
  9 orcs
  9 endoplasms
  2 giant cockroaches
  7 goblins
  2 hobgoblins
  13 jackals
  A quokka (D:1)
  8 ball pythons
  8 bats
  A frilled lizard (D:3)
  5 kobolds
  A quokka skeleton (D:4)
  6 rats
87 creatures vanquished.

Notes
Turn   | Place    | Note
-------+----------+-------------------------------------------
     0 | D:1      | bande the Gargoyle Fighter began the quest for the Orb.
     0 | D:1      | Reached XP level 1. HP: 14/14 MP: 1/1
   209 | D:1      | Reached XP level 2. HP: 19/19 MP: 2/2
  1391 | D:1      | Reached XP level 3. HP: 8/23 MP: 3/3
  1897 | D:2      | Found a sparkling altar of Nemelex Xobeh.
  2556 | D:2      | Reached XP level 4. HP: 29/29 MP: 4/4
  2991 | D:3      | Reached skill level 4 in Armour
  3226 | D:3      | Found a hazy altar of Hepliaklqana.
  3855 | D:4      | Noticed an ogre
  3887 | D:4      | Killed an ogre
  3888 | D:4      | Reached XP level 5. HP: 19/33 MP: 5/5
  4213 | D:4      | Reached XP level 6. HP: 5/38 MP: 6/6
  5329 | D:4      | Reached skill level 5 in Armour
  5329 | D:4      | Reached XP level 7. HP: 43/43 MP: 7/7
  5723 | D:5      | Entered Level 5 of the Dungeon
  5771 | D:5      | Found a staircase to the Ecumenical Temple.
  5781 | Temple   | Entered the Ecumenical Temple
  5902 | Temple   | Became a worshipper of Warmaster Okawaru
  6367 | D:5      | Noticed Eustachio
  6417 | D:5      | Killed from afar by a shadow imp

Illustrated notes

Levels and vault maps discovered:
D:1:      giann_horns, layout_basic, chequers_serial_rivers_micro_a
D:2:      layout_loops_ring, basic_altar, st_stairs_10,
          small_statue_intersection, nrook_mini_vaults
D:3:      layout_basic, lemuel_tele_altar
D:4:      layout_basic, kennysheep_small_circle
D:5:      layout_cave_pods, minmay_temple_entry_junction, serial_gnoll_camp,
          gnoll_camp_mini_house, gnoll_camp_mini_loothouse,
          gnoll_camp_mini_basic, gnoll_camp_mini_doghouse, uniq_blork_the_orc,
          uniq_eustachio
Temple:   regret_index_temple_sphere_string

Skill      XL: |  1  2  3  4  5  6 |
---------------+-------------------+-----
Axes           | 2 3 4 |  4.8
Armour         | 4 5 |  5.0
Fighting       | 4 |  4.2
Shields        | 4 |  4.8
Dodging        | |  0.9

Action                   |  1- 3 |  4- 6 |  7- 9 || total
-------------------------+-------+-------+-------++-------
Melee: War axe           |    97 |   146 |    77 ||   320
  Use: Potion            |     5 |     2 |       ||     7
       Scroll            |     3 |     3 |     1 ||     7
Armor: Scale mail        |    73 |    20 |       ||    93
       Plate armour      |       |   108 |   131 ||   239
Dodge: Dodged            |    39 |    39 |    24 ||   102
Block: Kite shield       |    62 |    82 |    81 ||   225

Table legend: (Time is in decaauts)
 A = Elapsed time spent in this place.
 B = Non-inter-level travel time spent in this place.
 C = Inter-level travel time spent in this place.
 D = Time resting spent in this place.
 E = Time spent auto-exploring this place.
 F = Levels seen in this place.
 G = Mean time per level.
                   A        B        C        D        E       F      G
               +--------+--------+--------+--------+--------+-----+--------+
         Total |   6606 |   6551 |     55 |   1965 |   3525 |   6 | 1101.0 |
       Dungeon |   6456 |   6428 |     28 |   1965 |   3412 |   5 | 1291.2 |
        Temple |    149 |    122 |     27 |      0 |    113 |   1 |  149.0 |
               +--------+--------+--------+--------+--------+-----+--------+

Top non-repeatable levels by time:
     D:1: 1883 daAuts
     D:4: 1505 daAuts
     D:3: 1344 daAuts
     D:2: 1153 daAuts
     D:5: 570 daAuts
  Temple: 149 daAuts
